 Dungeon Crawl Stone Soup version 0.20.1-1-g8b1a95d (webtiles) character file.

9306 Giltor the Jinx (level 11, -2/47 HPs)
             Began as a Spriggan Enchanter on Aug 16, 2017.
             Was a High Priest of Okawaru.
             Killed from afar by a fire dragon (15 damage)
             ... with a blast of flame
             ... on level 10 of the Dungeon.
             The game lasted 02:07:34 (12129 turns).

Giltor the Jinx (Spriggan Enchanter)               Turns: 12129, Time: 02:07:35

Health: -2/47      AC:  6    Str:  7    XL:     11   Next: 21%
Magic:  22/32      EV: 23    Int: 17    God:    Okawaru [*****.]
Gold:   656        SH:  0    Dex: 17    Spells: 16/24 levels left

rFire    + + .     SeeInvis +   k - +3 dagger (venom)
rCold    x . .     Gourm    .   (shield restricted)
rNeg     . . .     Faith    .   y - +2 robe {rF+}
rPois    .         Spirit   .   e - +2 hat
rElec    .         Reflect  .   (no cloak)
rCorr    .         Harm     .   (gloves unavailable)
MR       +....                  (boots unavailable)
Stlth    +++++.....             (no amulet)
Regen    0.2/turn               p - ring of magical power
MPRegen  0.3/turn               x - ring of fire

@: very quick
A: unfitting armour, see invisible, herbivore 3, speed 3, slow metabolism 2
a: Heroism, Finesse, Renounce Religion


You were on level 10 of the Dungeon.
You worshipped Okawaru.
Okawaru was extremely pleased with you.
You were very full.

You visited 2 branches of the dungeon, and saw 11 of its levels.
You also visited: Sewer.

You collected 656 gold pieces.

Inventory:

Hand Weapons
 k - a +3 dagger of venom (weapon)
 o - a +1 blowgun
 t - a +4 dagger
Missiles
 s - 9 poisoned needles
 R - 3 needles of sleeping
Armour
 e - a +2 hat (worn)
 y - a +2 robe of fire resistance (worn)
Jewellery
 b - a +2 ring of dexterity
 g - an uncursed ring of protection from magic
 p - a ring of magical power (left hand)
 v - an uncursed ring of protection from cold
 x - a ring of fire (right hand)
 H - an uncursed ring of flight
Wands
 a - a wand of disintegration (13/24)
 i - a wand of iceblast (10/15)
 A - a wand of confusion (15/48)
 N - a wand of iceblast (7/15)
 O - a wand of disintegration (12/24)
 Q - a wand of digging (10/24)
Scrolls
 f - 2 scrolls of blinking
 h - 3 scrolls of amnesia
 j - 4 scrolls of fog
 q - a scroll of vulnerability
 w - 6 scrolls of remove curse
 z - 4 scrolls of teleportation
 E - a scroll of immolation
 G - 2 scrolls of magic mapping
 L - a scroll of enchant armour {unknown}
 M - a scroll of noise {unknown}
Potions
 d - 5 potions of curing
 l - 6 potions of flight
 m - 3 potions of ambrosia
 n - a potion of cancellation
 r - 2 potions of lignification
 D - a potion of berserk rage
 F - a potion of brilliance {unknown}
 I - a potion of agility
 J - a potion of heal wounds
 K - a potion of haste {unknown}
 P - a potion of magic {unknown}
Books
 c - a book of Maledictions

   Spells                             Type                      Level
   a - Corona                         Hexes                        1
   b - Ensorcelled Hibernation        Hexes/Ice                    2
   c - Confuse                        Hexes                        3
   d - Tukima's Dance                 Hexes                        3
   e - Dazzling Spray                 Conjuration/Hexes            3
 B - a Young Poisoner's Handbook

   Spells                             Type                      Level
   a - Sting                          Conjuration/Poison           1
   b - Poisonous Vapours              Poison/Air                   2
   c - Mephitic Cloud                 Conjuration/Poison/Air       3
   d - Olgreb's Toxic Radiance        Poison                       4
   e - Venom Bolt                     Conjuration/Poison           5
Comestibles
 u - 5 bread rations
 C - 11 royal jellies
 S - 3 fruits


   Skills:
 * Level 6.1 Short Blades
 - Level 3.0 Throwing
 - Level 7.4 Dodging
 - Level 12.0 Stealth
 - Level 7.4 Spellcasting
 - Level 12.1 Hexes
 - Level 6.0 Invocations
 - Level 6.0 Evocations


You had 16 spell levels left.
You knew the following spells:

 Your Spells              Type           Power        Failure   Level  Hunger
b - Ensorcelled Hibernat  Hex/Ice        ####..       1%          2    None
c - Confuse               Hex            #####...     1%          3    ##.....
d - Tukima's Dance        Hex            #####...     1%          3    ##.....


Dungeon Overview and Level Annotations

Branches:
Dungeon (10/15)            Temple (1/1) D:5            Lair (0/6) D:10
    Orc (0/2) D:9

Altars:
Ashenzari
Dithmenos
Fedhas
Gozag
Kikubaaqudgha
Makhleb
Nemelex Xobeh
Okawaru
Xom
Zin
The Shining One
Beogh


Innate Abilities, Weirdness & Mutations

You are very small and have problems with some larger weapons.
You are too small for most types of armour.
You have supernaturally acute eyesight. (SInv)
You are a herbivore.
You cover ground extremely quickly.
You need consume almost no food.


Message History

You feel more attuned to fire.
x - a ring of fire (right hand)
Casting: Confuse
Confirm with . or Enter, or press ? or * to list all spells.
Aiming: Confuse
Press: ? - help, Shift-Dir - straight line, f/p - fire dragon
Aim: a fire dragon (chance to defeat MR: 36%)
The fire dragon easily resists.
Casting: Confuse
Confirm with . or Enter, or press ? or * to list all spells.
Aiming: Confuse
Press: ? - help, Shift-Dir - straight line, f/p - fire dragon
Aim: a fire dragon (chance to defeat MR: 36%)
The fire dragon easily resists.
The fire dragon bites you! The fire dragon closely misses you.
The fire dragon tramples you!
* * * LOW HITPOINT WARNING * * *
You stumble backwards!
The fire dragon breathes flames at you. The blast of flame hits you!
You resist.
You die...

#.# ...#≈≈#..# #.
#.####'####..# #.
#............####.
#. ##....##D#.......
#. #.##
#..D###..+#### #.
#..D..§§.....# #.
#.....§§≈.§..#######
+.....§§§§≈≈.......#
#..@.≈≈§§§≈≈.......#
#....≈≈.§§§....##..#
#.§.§§§§≈§§≈...##..#
#.§§§≈.§§§§.........
#.§§§.§§§§§[........
#.....§......######.
#...#...'####.....#.
#...#.............#.
#...##.....########.


You could see 2 fire dragons and an ice dragon.

Vanquished Creatures
  2 tengu warriors (D:10)
  A two-headed ogre (D:10)
  Pikel (D:7)
  An ugly thing (D:10)
  Psyche (D:9)
  4 hornets (D:9)
  A hippogriff (D:10)
  2 steam dragons (D:6)
  Menkaure (D:7)
  2 hell hounds (D:10)
  Duvessa (D:7)
  5 orc warriors
  2 sky beasts (D:6)
  2 ice beasts
  3 phantoms
  3 ogres
  A necrophage (D:9)
  8 centaurs
  2 big kobolds
  3 bullfrogs
  Dowan (D:7)
  A scorpion (D:8)
  2 wyvern skeletons
  3 wights (D:8)
  2 howler monkeys
  4 crimson imps
  A bullfrog zombie (D:5)
  2 jellies
  2 hounds
  9 orc priests
  3 bullfrog skeletons
  7 orc wizards
  An iguana (D:8)
  3 centaur skeletons
  Natasha (twice) (D:4)
  5 worker ants
  A hound zombie (D:3)
  2 howler monkey zombies
  6 adders
  2 river rats
  4 gnolls (D:7)
  3 shadow imps
  4 oozes
  4 adder zombies
  4 worms
  4 dart slugs
  7 leopard geckos
  65 orcs
  2 ball pythons
  16 bats
  15 giant cockroaches
  6 goblins
  7 hobgoblins
  14 jackals
  6 quokkas
  7 frilled lizards
  15 kobolds
  A leopard gecko skeleton (D:9)
  17 rats
306 creatures vanquished.

Vanquished Creatures (collateral kills)
  3 ogres
  2 wights (D:8)
  8 orcs
13 creatures vanquished.

Vanquished Creatures (others)
  A dancing weapon (D:3)
1 creature vanquished.

Grand Total: 320 creatures vanquished

Notes
Turn   | Place    | Note
-------+----------+-------------------------------------------
     0 | D:1      | Giltor the Spriggan Enchanter began the quest for the Orb.
     0 | D:1      | Reached XP level 1. HP: 9/9 MP: 5/5
     1 | D:1      | Found a runed door.
   556 | D:1      | Reached XP level 2. HP: 13/13 MP: 4/6
   560 | D:1      | Learned a level 2 spell: Ensorcelled Hibernation
   734 | D:1      | Reached skill level 5 in Stealth
   931 | D:1      | Reached XP level 3. HP: 14/16 MP: 1/8
  1333 | D:1      | Reached skill level 5 in Hexes
  1333 | D:1      | Reached XP level 4. HP: 21/21 MP: 4/9
  1416 | D:1      | Learned a level 3 spell: Confuse
  1616 | D:1      | Learned a level 3 spell: Tukima's Dance
  2415 | D:2      | Reached XP level 5. HP: 23/24 MP: 10/10
  3866 | D:3      | Reached XP level 6. HP: 28/28 MP: 11/11
  4499 | D:4      | Reached skill level 1 in Throwing
  5040 | D:4      | Reached XP level 7. HP: 32/32 MP: 12/12
  5207 | D:4      | Found a shimmering altar of Xom.
  5207 | D:4      | Noticed Natasha
  5229 | D:4      | Killed Natasha
  5292 | D:4      | Noticed Natasha
  5294 | D:4      | Killed Natasha
  5833 | D:5      | Entered Level 5 of the Dungeon
  5876 | D:5      | Reached skill level 1 in Evocations
  6204 | D:5      | Found a glowing drain.
  6208 | Sewer    | Entered a sewer
  6430 | Sewer    | Found a white marble altar of Elyvilon.
  6583 | D:5      | Reached XP level 8. HP: 36/36 MP: 11/13
  6630 | D:5      | Found a staircase to the Ecumenical Temple.
  6636 | Temple   | Entered the Ecumenical Temple
  6696 | Temple   | Became a worshipper of Warmaster Okawaru
  6802 | D:5      | Reached skill level 5 in Dodging
  7018 | D:6      | Reached skill level 1 in Invocations
  7495 | D:6      | Reached * piety under Okawaru
  7796 | D:6      | Reached skill level 10 in Hexes
  7859 | D:6      | Reached XP level 9. HP: 39/39 MP: 14/14
  8284 | D:7      | Reached skill level 5 in Short Blades
  8336 | D:7      | Reached ** piety under Okawaru
  8400 | D:7      | Noticed Pikel
  8437 | D:7      | Noticed Menkaure
  8437 | D:7      | Noticed Duvessa
  8471 | D:7      | Killed Menkaure
  8476 | D:7      | Noticed Dowan
  8496 | D:7      | Killed Duvessa
  8498 | D:7      | Killed Dowan
  8512 | D:7      | Reached skill level 10 in Stealth
  8523 | D:7      | Killed Pikel
  8933 | D:7      | Found a blossoming altar of Fedhas.
  9110 | D:8      | Reached *** piety under Okawaru
  9784 | D:8      | Reached XP level 10. HP: 40/44 MP: 15/15
  9924 | D:8      | Found a shadowy altar of Dithmenos.
 10280 | D:9      | Found a roughly hewn altar of Beogh.
 10298 | D:9      | Reached skill level 5 in Evocations
 10517 | D:9      | Found a shattered altar of Ashenzari.
 10520 | D:9      | Found a glowing golden altar of the Shining One.
 10523 | D:9      | Found an opulent altar of Gozag.
 10526 | D:9      | Found an ancient bone altar of Kikubaaqudgha.
 10694 | D:9      | Reached **** piety under Okawaru
 10694 | D:9      | Reached skill level 5 in Spellcasting
 10794 | D:9      | Noticed Psyche
 10812 | D:9      | Killed Psyche
 10913 | D:9      | Found a staircase to the Orcish Mines.
 11414 | D:10     | Entered Level 10 of the Dungeon
 11447 | D:10     | Noticed a two-headed ogre
 11472 | D:10     | Killed a two-headed ogre
 11472 | D:10     | Reached ***** piety under Okawaru
 11614 | D:10     | Noticed a white ugly thing
 11617 | D:10     | Killed a white ugly thing
 11694 | D:10     | Reached XP level 11. HP: 47/47 MP: 23/23
 11707 | D:10     | Noticed a tengu warrior
 11714 | D:10     | Noticed a tengu warrior
 11716 | D:10     | Killed a tengu warrior
 11716 | D:10     | Reached skill level 5 in Invocations
 11735 | D:10     | Killed a tengu warrior
 12055 | D:10     | Found a staircase to the Lair.
 12077 | D:10     | Found a runed door.
 12113 | D:10     | Noticed an ice dragon
 12116 | D:10     | Noticed a fire dragon
 12116 | D:10     | Noticed an ice dragon
 12117 | D:10     | Noticed a fire dragon
 12129 | D:10     | Killed from afar by a fire dragon

Skill      XL: |  1  2  3  4  5  6  7  8  9 10 11 |
---------------+----------------------------------+-----
Short Blades   | 2 3 5 6 |  6.1
Stealth        | 5 6 8 12 | 12.0
Hexes          | 4 5 6 8 10 11 12 | 12.1
Spellcasting   | 3 7 |  7.4
Throwing       | 3 |  3.0
Evocations     | 3 6 |  6.0
Dodging        | 4 7 |  7.4
Invocations    | 2 4 6 |  6.0

Action                   |  1- 3 |  4- 6 |  7- 9 | 10-12 || total
-------------------------+-------+-------+-------+-------++-------
Melee: Dagger            |   116 |   208 |   277 |   279 ||   880
       Punch             |       |       |     1 |       ||     1
 Cast: Corona            |     7 |       |       |       ||     7
       Ensorcelled Hiber |    16 |     3 |       |       ||    19
       Confuse           |       |    40 |    89 |    46 ||   175
       Tukima's Dance    |       |     8 |    11 |     9 ||    28
Invok: Heroism           |       |       |     2 |       ||     2
  Use: Scroll            |     1 |    13 |     8 |     3 ||    25
       Potion            |       |     1 |     3 |       ||     4
 Stab: Sleeping          |     9 |    22 |    19 |    18 ||    68
       Confused          |       |    13 |    40 |    20 ||    73
       Distracted        |       |     1 |       |       ||     1
  Eat: Bread ration      |       |     2 |     2 |     1 ||     5
       Royal jelly       |       |     2 |       |       ||     2
Armor: Robe              |    25 |    28 |    13 |    17 ||    83
Dodge: Dodged            |   105 |   135 |   184 |   160 ||   584
